 Dungeon Crawl Stone Soup version 0.29-a0-384-g6960b1960d (webtiles) character file.

Game seed: 11271098648492208893

49 NinjaNoafa the Skirmisher (level 3, -1/33 HPs)
             Began as a Minotaur Monk on May 6, 2022.
             Slain by a gnoll
             ... wielding a +2 vorpal spear
              (7 damage)
             ... on level 2 of the Dungeon.
             The game lasted 00:02:36 (1744 turns).

NinjaNoafa the Skirmisher (Minotaur Monk)           Turns: 1744, Time: 00:02:36

Health: -1/33      AC:  5    Str: 17    XL:     3   Next: 53%
Magic:  2/2        EV: 11    Int:  7    God:
Gold:   52         SH:  0    Dex: 12    Spells: 2/2 levels left

rFire   . . .      SeeInvis .   a - +0 hand axe
rCold   . . .      Faith    .   (no shield)
rNeg    . . .      Spirit   .   e - +0 ring mail
rPois   .          Reflect  .   (helmet restricted)
rElec   .          Harm     .   (no cloak)
rCorr   .          Rampage  .   (no gloves)
Will    .....                   (no boots)
Stlth   ..........              (no amulet)
HPRegen 0.11/turn               (no ring)
MPRegen 0.08/turn               (no ring)

@: confused, ambrosia-drunk
A: horns 2, retaliatory headbutt
a: no special abilities


You were on level 2 of the Dungeon.
You visited 1 branch of the dungeon, and saw 2 of its levels.

You collected 52 gold pieces.

Inventory:

Hand Weapons
 a - a +0 hand axe (weapon)
Missiles
 f - 5 poisoned darts (quivered)
 i - 3 atropa-tipped darts
Armour
 e - a +0 ring mail (worn)
Scrolls
 g - 2 scrolls of identify {unknown}
 j - a scroll of enchant weapon {unknown}
 m - a scroll of enchant armour {unknown}
Potions
 b - 2 potions of curing {unknown}
 d - 2 potions of lignification {unknown}
 h - a potion of heal wounds {unknown}
 l - a potion of brilliance {unknown}


   Skills:
 + Level 4.1 Fighting
 + Level 4.1 Axes
 * Level 2.7 Armour
 - Level 3.2 Dodging
 - Level 1.5 Stealth


You had 2 spell levels left.
You didn't know any spells.
Your spell library contained the following spells:

 Spells                   Type           Power      Damage    Failure   Level
 Passage of Golubria      Tloc           0%         N/A       100%        4
 Silence                  Hex/Air        0%         N/A       100%        5
 Lehudib's Crystal Spear  Conj/Erth      0%         10d2      100%        8


Dungeon Overview and Level Annotations

Branches:
Dungeon (2/15)

Altars:


Innate Abilities, Weirdness & Mutations

You have a pair of horns on your head.
You reflexively headbutt those who attack you in melee.


Message History

The javelin pierces through the endoplasm.
The endoplasm is moderately wounded.
The javelin closely misses the gnoll. x2; The endoplasm barely misses you.
You hit the endoplasm. Your headbutt misses the endoplasm.
The endoplasm is heavily wounded.
The gnoll misses you. The endoplasm hits you.
You hit the endoplasm.
You kill the endoplasm!
The gnoll hits you from afar with a +2 vorpal spear.
The gnoll hits you from afar with a +0 spear.
You hit the gnoll.
The gnoll is moderately wounded.
The gnoll hits you from afar with a +2 vorpal spear.
The gnoll barely misses you. The gnoll hits you but does no damage.
You hit the gnoll.
The gnoll is severely wounded.
The gnoll barely misses you.
The gnoll hits you from afar with a +0 spear. x2
The gnoll barely misses you.
The gnoll hits you from afar with a +2 vorpal spear.
* * * LOW HITPOINT WARNING * * *
x2
Okay, then.
You are confused.
You feel invigorated. The gnoll misses you. The gnoll closely misses you.
The gnoll attacks as you move away! The gnoll hits you with a +0 whip.
The gnoll barely misses you.
You closely miss the gnoll. Your headbutt misses the gnoll.
The gnoll is severely wounded.
The gnoll hits you but does no damage. The gnoll hits you with a +0 whip.
The gnoll hits you from afar with a +0 spear.
The gnoll attacks as you move away! The gnoll hits you but does no damage.
The gnoll hits you from afar with a +2 vorpal spear.
The gnoll hits you with a +0 whip.
You bump into the rock wall.
The gnoll closely misses you.
The gnoll hits you from afar with a +0 spear!
The gnoll hits you with a +0 whip!
* * * LOW HITPOINT WARNING * * *
You bump into the rock wall.
The gnoll hits you from afar with a +2 vorpal spear!
You die...

+.........+.......
.........####....
.......# ##^#. .....#
###. #######...# #.
.......#'#### #.
#......# #. ###g..##.#
#. #@gg...#.# #.
#.#....#.# #.
........#......# #.
###.#####....##########.
#.......#.....[.....>.
######################


You could see 3 gnolls.

Vanquished Creatures
  A worm (D:2)
  A dart slug (D:2)
  3 ball pythons
  7 endoplasms
  2 giant cockroaches
  5 hobgoblins
  5 jackals (D:1)
  A quokka (D:1)
  4 bats (D:1)
  3 frilled lizards
  4 goblins
  A kobold (D:1)
  3 rats
40 creatures vanquished.

Notes
Turn   | Place    | Note
-------+----------+-------------------------------------------
     0 | D:1      | NinjaNoafa the Minotaur Monk began the quest for the Orb.
     0 | D:1      | Reached XP level 1. HP: 19/19 MP: 0/0
    48 | D:1      | Reached skill level 1 in Armour
    58 | D:1      | HP: 1/20 [goblin/stone (1)]
    65 | D:1      | HP: 1/20 [goblin/stone (1)]
   479 | D:1      | Reached XP level 2. HP: 27/27 MP: 1/1
   913 | D:1      | Reached XP level 3. HP: 20/33 MP: 2/2
  1434 | D:2      | Found a faded altar of an unknown god.
  1744 | D:2      | Slain by a gnoll

Illustrated notes

Levels and vault maps discovered:
D:1:      amcnicky_arrival_gap_in_the_tavern_cellar, layout_basic,
          minmay_split_cup_large
D:2:      layout_loops_corners, hellmonk_ecumenical_altar_crossroads

Skill      XL: |  1  2 |
---------------+-------+-----
Armour         | 1 2 |  2.7
Fighting       | 4 |  4.1
Axes           | 4 |  4.1
Dodging        | |  3.2
Stealth        | |  1.5

Action                   || total
-------------------------++-------
Melee: Hand axe          ||    86
       Headbutt          ||    11
Throw: Javelin           ||     2
  Use: Potion            ||     1
 Stab: Sleeping          ||     1
Armor: Robe              ||     6
       Ring mail         ||    23
Dodge: Dodged            ||    54

Table legend: (Time is in decaauts)
 A = Elapsed time spent in this place.
 B = Non-inter-level travel time spent in this place.
 C = Inter-level travel time spent in this place.
 D = Time resting spent in this place.
 E = Time spent auto-exploring this place.
 F = Levels seen in this place.
 G = Mean time per level.
                   A        B        C        D        E       F      G
               +--------+--------+--------+--------+--------+-----+--------+
         Total |   1753 |   1689 |     64 |    288 |   1124 |   2 |  876.5 |
       Dungeon |   1753 |   1689 |     64 |    288 |   1124 |   2 |  876.5 |
               +--------+--------+--------+--------+--------+-----+--------+

Top non-repeatable levels by time:
     D:1: 1309 daAuts
     D:2: 443 daAuts
